 Dungeon Crawl Stone Soup version 0.27.1-34-g3ba077fa99 (webtiles) character file.

Game seed: 16037529435948409354

2200 multipassport the Skirmisher (level 9, 0/79 HPs)
             Began as a Minotaur Gladiator on Jan 15, 2022.
             Was a Believer of Makhleb.
             Slain by a killer bee (2 damage)
             ... on level 5 of the Dungeon.
             The game lasted 00:29:44 (4704 turns).

multipassport the Skirmisher (Minotaur Gladiator)   Turns: 4704, Time: 00:29:45

Health: 0/79       AC: 12    Str: 27    XL:     9   Next: 12%
Magic:  8/8        EV:  9    Int:  5    God:    Makhleb [**....]
Gold:   309        SH: 21    Dex: 13    Spells: 8/8 levels left

rFire    + . .     SeeInvis .   y - +6 dagger of Indignation {protect, *Corrode +Rage Str+6}
rCold    . . .     Faith    .   a - +0 tower shield
rNeg     . . .     Spirit   .   h - +0 scale mail
rPois    +         Reflect  +   c - +0 hat
rElec    .         Harm     .   x - +1 cloak
rCorr    .         Rampage  .   o - +1 pair of gloves
Will     .....                  (no boots)
Stlth    ..........             p - amulet of reflection
HPRegen  0.23/turn              e - ring of protection from fire
MPRegen  0.11/turn              C - ring of poison resistance

@: about to teleport, on berserk cooldown, slowed, very slow
A: horns 2, retaliatory headbutt
a: Renounce Religion, Evoke Berserk Rage, Minor Destruction


You were on level 5 of the Dungeon.
You worshipped Makhleb.
Makhleb was pleased with you.
You visited 2 branches of the dungeon, and saw 6 of its levels.
You also visited: Sewer.

You collected 309 gold pieces.

Inventory:

Hand Weapons
 n - a +1 war axe of pain
 y - the +6 dagger of Indignation (weapon) {protect, *Corrode +Rage Str+6}
   (You found it on level 5 of the Dungeon)

   It grants its wielder temporary protection when it strikes (+7 to AC).
   Str:       It affects your strength (+6).
   +Rage:     It lets you go berserk.
   *Corrode:  It may corrode you when you take damage.
Missiles
 d - 3 throwing nets (quivered)
Armour
 a - a +0 tower shield (worn)
 c - a +0 hat (worn)
 h - a +0 scale mail (worn)
 o - a +1 pair of gloves (worn)
 x - a +1 cloak (worn)
Jewellery
 b - an amulet of guardian spirit
 e - a ring of protection from fire (left hand)
 p - an amulet of reflection (around neck)
 B - a ring of ice
 C - a ring of poison resistance (right hand)
 G - a ring of protection from cold
Wands
 s - a wand of mindburst (19)
 u - a wand of flame (27)
Scrolls
 f - a scroll of enchant weapon {unknown}
 k - a scroll of vulnerability {unknown}
 m - 4 scrolls of teleportation
 q - a scroll of magic mapping {unknown}
 w - a scroll of immolation {unknown}
 E - a scroll of enchant armour {unknown}
 F - a scroll of identify {unknown}
 I - a scroll of noise {unknown}
 J - a scroll of blinking {unknown}
Potions
 g - 4 potions of brilliance {unknown}
 i - a potion of attraction {unknown}
 j - a potion of berserk rage {unknown}
 l - 2 potions of mutation {unknown}
 r - 2 potions of curing {unknown}
 t - a potion of degeneration {unknown}
 v - a potion of heal wounds
 z - 4 potions of flight
 A - a potion of invisibility {unknown}
 D - a potion of haste {unknown}
 H - a potion of ambrosia


   Skills:
 + Level 7.0 Fighting
 + Level 5.7 Short Blades
 - Level 3.9 Axes
 - Level 2.0 Throwing
 + Level 6.4 Armour
 + Level 6.8 Dodging
 + Level 5.6 Shields


You had 8 spell levels left.
You didn't know any spells.
Your spell library contained the following spells:

 Spells                   Type           Power      Damage    Failure   Level
 Freezing Cloud           Conj/Ice/Air   0%         6-21      100%        5
 Simulacrum               Ice/Necr       0%         N/A       100%        6
 Polar Vortex             Ice            0%         N/A       100%        9


Dungeon Overview and Level Annotations

Branches:
Dungeon (5/15)             Temple (1/1) D:4           Sewer (visited)

Altars:
Ashenzari
Cheibriados
Gozag
Kikubaaqudgha
Makhleb
Qazlal
Sif Muna
Vehumet
Wu Jian
Xom
Yredelemnul
Zin
The Shining One

Shops:
D:3 [   D:5 *

Annotations:
D:3 Cloak PR+ NR+
D:5 1 transporter


Innate Abilities, Weirdness & Mutations

You have a pair of horns on your head.
You reflexively headbutt those who attack you in melee.


Message History

Your shield prevents you from hitting the killer bee.
The killer bee is moderately wounded.
You block the killer bee's attack. x2
The killer bee stings you but does no damage.
The killer bee barely misses you. You furiously retaliate!
You headbutt the killer bee!
The killer bee stings you but does no damage.
The killer bee closely misses you. You furiously retaliate!
You headbutt the killer bee!
You kill the killer bee!
Makhleb accepts your kill.
You feel better.
You miss the killer bee.
The killer bee is lightly wounded.
You block the killer bee's attack. x3; The killer bee stings you.
* * * LOW HITPOINT WARNING * * *
You block the killer bee's attack. The killer bee barely misses you.
You closely miss the killer bee. Your headbutt misses the killer bee.
The killer bee is lightly wounded.
The killer bee stings you.
* * * LOW HITPOINT WARNING * * *
The killer bee stings you.
* * * LOW HITPOINT WARNING * * *
You block the killer bee's attack. x3; The killer bee completely misses you.
You block the killer bee's attack.
You closely miss the killer bee. Your headbutt misses the killer bee.
The killer bee is lightly wounded.
You block the killer bee's attack. x3; The killer bee stings you.
* * * LOW HITPOINT WARNING * * *
The killer bee stings you.
* * * LOW HITPOINT WARNING * * *
The killer bee stings you!
* * * LOW HITPOINT WARNING * * *
As you read the scroll of teleportation, it crumbles to dust.
You feel strangely unstable. You block the killer bee's attack. x3
The killer bee stings you.
* * * LOW HITPOINT WARNING * * *
The killer bee stings you but does no damage. x2
You block the killer bee's attack. The killer bee stings you.
You die...

#.# #.# #.# #.# #.#######.# #####
#.........############
.#..########...................#.
...8...........###.###..##.#.###.
...........#..#########..#.#.##..
.##∩#..#.#...###.###.###.#.#.....
.##.#..#.##..##.@y#...##.#.#.##..
)##<#..#.##..####y###.##.#.#.##..
)##..........##.†y#...##...#.##..
...8.........#.#.#.#!#$#.........
.#..#........#..#...#.?#..##.##.#
.##.##...##.©#©.#.#.#.©#©.##.##..
..#.##.......#..#...#.$#.###.##.#
..#.##..####.#.#.#.#.#y#.........
..#.##[......##...#...##.###....#


You could see 3 killer bees.

Vanquished Creatures
  The ghost of mtoz the Magician, an amateur DEWz (D:5)
  An ice beast (D:5)
  A sky beast (D:5)
  2 black bears (D:5)
  2 ogres
  A centaur (D:5)
  A phantom (D:4)
  3 water moccasin zombies (D:5)
  A scorpion (D:5)
  4 killer bees (D:5)
  A howler monkey (D:5)
  3 wights (D:5)
  3 centaur zombies
  2 bullfrog skeletons
  A centaur skeleton (D:4)
  3 bullfrog zombies
  A hound (D:4)
  Natasha (twice) (D:4)
  2 iguanas
  An orc wizard (D:5)
  A merfolk siren (Sewer)
  A merfolk avatar (Sewer)
  The ghost of Zappman123 the Chopper, a weakling PaAK of Lugonu (D:3)
  2 howler monkey zombies (D:5)
  3 gnolls (D:3)
  6 adders
  2 river rats (Sewer)
  A shadow imp (D:5)
  An adder skeleton (D:2)
  3 worms
  5 dart slugs
  8 orcs
  8 endoplasms
  10 giant cockroaches
  10 goblins
  11 hobgoblins
  2 jackals (D:5)
  5 kobolds
  9 quokkas
  13 ball pythons
  12 bats
  10 frilled lizards
  24 rats
184 creatures vanquished.

Notes
Turn   | Place    | Note
-------+----------+-------------------------------------------
     0 | D:1      | multipassport the Minotaur Gladiator began the quest for
                  | the Orb.
     0 | D:1      | Reached XP level 1. HP: 18/18 MP: 0/0
   160 | D:1      | Reached XP level 2. HP: 25/25 MP: 1/1
   282 | D:1      | Reached skill level 1 in Armour
   573 | D:1      | Reached skill level 3 in Fighting
   634 | D:1      | Reached XP level 3. HP: 31/31 MP: 2/2
  1521 | D:2      | Reached XP level 4. HP: 32/38 MP: 3/3
  1563 | D:2      | Found a shimmering blue altar of Sif Muna.
  1765 | D:3      | Reached skill level 1 in Axes
  1780 | D:3      | Reached XP level 5. HP: 16/46 MP: 4/4
  2051 | D:3      | Found a transporter.
  2051 | D:3      | Noticed Zappman123's ghost (weakling PaAK)
  2056 | D:3      | Found a transporter.
  2083 | D:3      | Killed Zappman123's ghost
  2084 | D:3      | Reached skill level 4 in Fighting
  2090 | D:3      | Reached skill level 1 in Shields
  2367 | D:3      | Found Ahyutusi's Antique Armour Boutique.
  2389 | D:3      | Reached XP level 6. HP: 52/52 MP: 5/5
  2946 | D:4      | Noticed Natasha
  2957 | D:4      | Killed Natasha
  2958 | D:4      | Reached skill level 5 in Dodging
  2958 | D:4      | Reached XP level 7. HP: 59/60 MP: 6/6
  3042 | D:4      | Found a staircase to the Ecumenical Temple.
  3104 | D:4      | Noticed Natasha
  3107 | D:4      | Killed Natasha
  3129 | Temple   | Entered the Ecumenical Temple
  3326 | Temple   | Became a worshipper of Makhleb the Destroyer
  3459 | D:5      | Entered Level 5 of the Dungeon
  3470 | D:5      | Reached skill level 5 in Fighting
  3523 | D:5      | Identified the +6 dagger of Indignation {protect, *Corrode
                  | +Rage Str+6}
  3610 | D:5      | Found a glowing drain.
  3623 | Sewer    | Entered a sewer
  3749 | Sewer    | Reached * piety under Makhleb
  3897 | D:5      | Reached XP level 8. HP: 69/69 MP: 7/7
  3903 | D:5      | Reached skill level 5 in Armour
  3914 | D:5      | Reached skill level 6 in Fighting
  3963 | D:5      | Reached ** piety under Makhleb
  4027 | D:5      | Reached skill level 5 in Short Blades
  4170 | D:5      | Reached skill level 5 in Shields
  4227 | D:5      | Found a transporter.
  4232 | D:5      | Found a transporter.
  4385 | D:5      | Noticed mtoz's ghost (amateur DEWz)
  4404 | D:5      | Found Nablog's Assorted Antiques.
  4683 | D:5      | Killed mtoz's ghost
  4684 | D:5      | Reached XP level 9. HP: 78/78 MP: 8/8
  4696 | D:5      | Reached skill level 7 in Fighting
  4703 | D:5      | HP: 2/79 [killer bee (2)]
  4704 | D:5      | Slain by a killer bee

Illustrated notes

Levels and vault maps discovered:
D:1:      minmay_arrival_jagged, layout_loops_corners
D:2:      layout_basic, basic_altar, grunt_ministairs_3, serial_park_tiny_2,
          minmay_heptomino_w4
D:3:      layout_rooms, serial_shops, nicolae_shop_behind_doors,
          gammafunk_ghost_mausoleum, minmay_fountain_box
D:4:      layout_rooms, minmay_temple_entry_antechambers, uniq_natasha
D:5:      layout_basic, gammafunk_ghost_hive, serial_undead, serial_undead_a,
          serial_undead_e, serial_undead_a, serial_undead_a,
          portal_sewer_entry_f, serial_shops, shop_statue, minmay_between
Temple:   hc_temple_tempest_star

Skill      XL: |  1  2  3  4  5  6  7  8  9 |
---------------+----------------------------+-----
Armour         | 1 2 3 4 6 |  6.4
Fighting       | 3 4 5 6 7 |  7.0
Dodging        | 4 5 6 |  6.8
Axes           | 1 2 3 |  3.9
Shields        | 1 2 3 5 |  5.6
Short Blades   | 4 5 |  5.7
Throwing       | |  2.0

Action                   |  1- 3 |  4- 6 |  7- 9 || total
-------------------------+-------+-------+-------++-------
Melee: Rapier            |    81 |       |       ||    81
       Headbutt          |    14 |    27 |    55 ||    96
       War axe           |     3 |   144 |    23 ||   170
       Dagger            |       |       |   201 ||   201
 Abil: Evoke Berserk Rag |       |       |     2 ||     2
  Use: Scroll            |       |       |     1 ||     1
Armor: Leather armour    |     6 |       |       ||     6
       Scale mail        |    30 |    71 |   109 ||   210
Dodge: Dodged            |    44 |    54 |    67 ||   165
Block: Tower shield      |       |   114 |   268 ||   382
       Reflection        |       |     3 |     1 ||     4
